Amanita, neutral female human Wizard ------- .. |..--.----..- --..).......-- -....<......| ......%-----h-- ----..| |@.. ---- --- Amanita the Thaumaturge Experience level: 7 Strength: 11 Dexterity: 8 Constitution: 13 Intelligence: 19 Wisdom: 18 Charisma: 10 Health: 0(48) Energy: 94(112) Def: 6 Gold: 3 Moves: 3770 Dungeon seed: kpnrpVZVez3RRP7m Game ID: Amanita_1465073706 Your Inventory: Coins $ - 3 gold pieces Amulets J - an uncursed amulet of reflection Weapons a - a blessed +1 quarterstaff (weapon in hands) j - a blessed +0 elven dagger Armor e - a blessed +3 cloak of magic resistance (being worn) n - an uncursed +0 pair of water walking boots T - an uncursed +0 pair of high boots (being worn) Comestibles E - an uncursed eucalyptus leaf Wands d - a wand of nothing (0:4) D - a wand of speed monster (0:6) X - a wand of digging (0:3) Tools f - 2 uncursed wax candles (0:400) g - an uncursed partly used wax candle (lit) (0:363) q - an uncursed lock pick s - an uncursed bag of holding I - a +0 grappling hook L - 12 uncursed tallow candles (0:200) N - an uncursed towel U - an uncursed blindfold V - an uncursed mirror Z - 3 blessed wax candles (0:400) Contents of the bag of holding: 2 +0 elven daggers an uncursed scroll of identify 2 uncursed scrolls of light 2 uncursed scrolls of teleportation an uncursed spellbook of create familiar a blessed spellbook of force bolt an uncursed spellbook of jumping an uncursed spellbook of knock an uncursed potion of extra healing an uncursed potion of full healing an uncursed potion of object detection Spells and supernatural/magical abilities: Name Level Category Fail Memory a - force bolt 1 attack 0% 82% j - jumping 1 escape 0% 82% k - knock 1 matter 0% 89% W - pray for help -- divine ? -- Your skills at the end: Miscellaneous Skills wands [Basic] Weapon Skills dagger [Basic] quarterstaff [Skilled] Spellcasting Skills attack spells [Skilled] enchantment spells [Basic] Final Attributes: You were devoutly aligned. You were magic-protected. You are dead. Vanquished creatures: a large mimic a small mimic 3 wolves a mumak a gnome king a dog a wood nymph a rock mole 2 shriekers 7 gnome lords 3 gnomish wizards a floating eye 8 dwarves an iguana a rabid rat a centipede a giant bat 6 monkeys 2 coyotes 5 hobbits a gecko a hobgoblin a cave spider 31 gnomes 3 manes a fox a kobold 3 newts 2 goblins 9 sewer rats 5 grid bugs 4 lichens a kobold zombie 111 creatures vanquished. Voluntary challenges: You did not adorn yourself with jewelry or accessories. You had been an atheist until turn 2914. You used a wielded weapon 119 times, starting on turn 3. You did not apply a unicorn horn. You read items or engraved 7 times, starting on turn 1425. You never genocided any monsters. You never polymorphed an object. You never changed form. You used no wishes. You never split a pudding. You never wrote Elbereth's name. You never violated your personal moral code. You abstained from Elbereth's help. Dungeon overview: The Dungeons of Doom: levels 1 to 5 Level 1 a fountain a long staircase Level 2 a general store Level 3 a scroll shop, a fountain stairs to The Gnomish Mines Level 4 Level 5 The Gnomish Mines: levels 4 to 8 Level 4 stairs to The Dungeons of Doom Level 5 Level 6 Level 7 some shops, a temple to Anhur, some fountains, a sink Level 8 <- You were here History has recorded: On T:1 you entered the Dungeons of Doom to retrieve the Amulet of Yendor! On T:450 you advanced to experience level 2. On T:532 you reached level 2 of The Dungeons of Doom. On T:784 you advanced to experience level 3. On T:1036 you reached level 3 of The Dungeons of Doom. On T:1415 you reached level 5 of The Dungeons of Doom. On T:1601 you reached level 4 of The Dungeons of Doom. On T:1604 you advanced to experience level 4. On T:1885 you reached level 1 of The Gnomish Mines. On T:1921 you advanced to experience level 5. On T:2153 you reached level 2 of The Gnomish Mines. On T:2201 you advanced to experience level 6. On T:2317 you reached level 3 of The Gnomish Mines. On T:2909 you reached level 4 of The Gnomish Mines. On T:3055 you advanced to experience level 7. On T:3533 you entered the Minetown temple On T:3732 you reached level 5 of The Gnomish Mines. Score breakdown: Gold: 3 ( 0 points) Experience: 7 levels ( 600 points) Exploration: 8 levels ( 210 points) Discoveries: 19 items ( 950 points) Variety of kills: 33 monsters ( 1650 points) Major goal: reached Minetown ( 500 points) Survival: died (score multiplied by 3) Total score: 11730 Latest messages: The spell misses the dwarf king. The spell misses the dwarf king. You hit the dwarf king. The dwarf king wields a broad short sword! The dwarf king thrusts his broad short sword. The dwarf king stabs you! The spell misses it. The spell misses the dwarf king. The spell hits the dwarf king! The dwarf king thrusts his broad short sword. The dwarf king stabs you! The dwarf king thrusts his broad short sword. The dwarf king stabs you! You die... Final status: Goodbye Amanita the Wizard, killed by a dwarf king... You died in The Gnomish Mines on dungeon level 8 with 11730 points, and 3 pieces of gold, after 3770 moves. You were level 7 with a maximum of 48 hit points when you died.